 Dungeon Crawl Stone Soup version 0.28.0-53-g5a82cb258f (webtiles) character file.

Game seed: 17841386909261542341

31 Zeld the Conjurer (level 3, -1/19 HPs)
             Began as a Deep Elf Conjurer on May 24, 2022.
             Slain by an endoplasm (2 damage)
             ... on level 1 of the Dungeon.
             The game lasted 00:01:46 (971 turns).

Zeld the Conjurer (Deep Elf Conjurer)                Turns: 971, Time: 00:01:47

Health: -1/19      AC:  2    Str:  4    XL:     3   Next: 7%
Magic:  3/9        EV: 12    Int: 24    God:
Gold:   0          SH:  0    Dex: 13    Spells: 5/8 levels left

rFire   . . .      SeeInvis .   (no weapon)
rCold   . . .      Faith    .   (no shield)
rNeg    . . .      Spirit   .   a - +0 robe
rPois   .          Reflect  .   (no helmet)
rElec   .          Harm     .   (no cloak)
rCorr   +          Rampage  .   (no gloves)
Will    .....                   (no boots)
Stlth   ++........              (no amulet)
HPRegen 0.06/turn               c - ring of resist corrosion
MPRegen 0.11/turn               (no ring)

@: no status effects
A: no striking features
a: no special abilities


You were on level 1 of the Dungeon.
You visited 1 branch of the dungeon, and saw 1 of its levels.

Inventory:

Armour
 a - a +0 robe (worn)
Jewellery
 c - a ring of resist corrosion (left hand)
Scrolls
 d - a scroll of identify {unknown}
 e - a scroll of acquirement {unknown}
 g - a scroll of torment {unknown}
Potions
 b - a potion of haste {unknown}
 f - a potion of curing {unknown}


   Skills:
 - Level 2.4 Dodging
 - Level 2.4 Stealth
 + Level 3.4 Spellcasting
 + Level 4.5 Conjurations
 - Level 2.0 Hexes
 * Level 1.6 Translocations


You had 5 spell levels left.
You knew the following spells:

 Your Spells              Type           Power      Damage    Failure   Level
a - Magic Dart            Conj           100%       1d8       1%          1
b - Searing Ray           Conj           52%        2d6       2%          2

Your spell library contained the following spells:

 Spells                   Type           Power      Damage    Failure   Level
 Foxfire                  Conj/Fire      60%        2x1d7     4%          1
 Dazzling Flash           Conj/Hex       38%        N/A       9%          3
 Fulminant Prism          Conj/Hex       9%         3d7       26%         4
 Iskenderun's Mystic Bla  Conj/Tloc      18%        2d6       28%         4


Dungeon Overview and Level Annotations

Branches:
Dungeon (1/15)

Altars:


Message History

The jackal bites you. The jackal misses you. The jackal bites you.
Casting: Magic Dart (safe; 1% risk of failure)
Confirm with . or Enter, or press ? or * to list all spells.
You don't have enough magic to cast this spell.
Unknown command.
Unknown command.
Casting: Magic Dart (safe; 1% risk of failure)
Confirm with . or Enter, or press ? or * to list all spells.
Aiming: Magic Dart (safe; 1% risk of failure)
Press: ? - help, Shift-Dir - straight line, f - jackal
Aim: a jackal (100% to hit)
The magic dart hits the jackal.
The jackal is heavily wounded.
The jackal barely misses you. x2
The jackal bites you but does no damage.
The jackal closely misses you. The jackal bites you.
The jackal barely misses you. The jackal bites you.
The jackal barely misses you.
The jackal bites you but does no damage.
The jackal bites you but does no damage.
There is a stone staircase leading down here.
The jackal closely misses you. The jackal barely misses you.
The jackal bites you. The jackal barely misses you.
The jackal completely misses you.
You hit the endoplasm.
The endoplasm is lightly wounded.
The jackal closely misses you. The jackal bites you. The endoplasm freezes you.
You are frozen.
* * * LOW HITPOINT WARNING * * *
The endoplasm freezes you.
You are frozen.
* * * LOW HITPOINT WARNING * * *
The jackal bites you but does no damage.
The endoplasm hits you.
You die...

..♣.♣# .# ..##...
♣..♣.....♣.# ......
....♣.♣...# #....
.♣.♣..)♣.♣## #....
....♣.....## #....
#♣.♣...♣.♣..####....
#...♣.♣...#....#....
.♣.?...♣...##......
#@♣#♣.#...........
#hJh#(#..#######.#
##..#.#..# #.#
#..#.#..# #..
#..#.#..# #..
###....#..## #.#
#............ ..#
#............# #
#.....)(...... #


You could see an endoplasm and 2 jackals.

Vanquished Creatures
  A dart slug (D:1)
  3 endoplasms (D:1)
  5 giant cockroaches (D:1)
  A goblin (D:1)
  A hobgoblin (D:1)
  A jackal (D:1)
  3 kobolds (D:1)
  A quokka (D:1)
  3 ball pythons (D:1)
  3 bats (D:1)
  A frilled lizard (D:1)
  4 rats (D:1)
27 creatures vanquished.

Notes
Turn   | Place    | Note
-------+----------+-------------------------------------------
     0 | D:1      | Zeld the Deep Elf Conjurer began the quest for the Orb.
     0 | D:1      | Reached XP level 1. HP: 10/10 MP: 6/6
   110 | D:1      | Reached skill level 1 in Hexes
   128 | D:1      | Reached XP level 2. HP: 4/15 MP: 0/8
   131 | D:1      | Learned a level 2 spell: Searing Ray
   385 | D:1      | Reached skill level 1 in Translocations
   663 | D:1      | Found a faded altar of an unknown god.
   667 | D:1      | Got Plato's Almanac of Attacks
   903 | D:1      | Reached XP level 3. HP: 19/19 MP: 6/9
   971 | D:1      | Slain by an endoplasm

Illustrated notes

Levels and vault maps discovered:
D:1:      roderic_chinese_lattice_arrival, layout_rooms, serial_forest,
          infiniplex_forest_end_3, infiniplex_forest_lined_ring,
          infiniplex_forest_fountain, infiniplex_forest_clump_medium,
          infiniplex_forest_end_3, infiniplex_forest_clump_medium,
          infiniplex_forest_lined_2, shapermc_ecumenical_altar_rom_forum,
          minmay_split_cup_large

Skill      XL: |  1  2 |
---------------+-------+-----
Hexes          | 1 2 |  2.0
Translocations | 1 |  1.6
Dodging        | |  2.4
Stealth        | |  2.4
Spellcasting   | |  3.4
Conjurations   | |  4.5

Action                   || total
-------------------------++-------
Melee: Unarmed           ||    13
       Punch             ||     1
 Cast: Magic Dart        ||    36
       Searing Ray       ||    10
Armor: Robe              ||    10
Dodge: Dodged            ||    41
